 Dungeon Crawl Stone Soup version 0.26-a0-200-g62faa89a7e (webtiles) character file.

Game seed: 3987143295487471058

901 Gargoyl the Chopper (level 7, 0/61 HPs)
             Began as a Centaur Abyssal Knight on July 5, 2020.
             Was a Priest of Lugonu.
             Killed by divine providence
             ... invoked by an orc priest
              (8 damage)
             ... on level 5 of the Dungeon.
             The game lasted 00:08:06 (5644 turns).

Gargoyl the Chopper (Centaur Abyssal Knight)        Turns: 5644, Time: 00:08:08

Health: 0/61       AC: 13    Str: 16    XL:     7   Next: 80%
Magic:  8/8        EV:  5    Int: 11    God:    Lugonu [***...]
Gold:   458        SH:  0    Dex: 11    Spells: 6/6 levels left

rFire    . . .     SeeInvis .   r - +2 hand axe (vorpal)
rCold    . . .     Faith    .   (no shield)
rNeg     . . .     Spirit   .   f - +1 chain mail
rPois    .         Reflect  +   (no helmet)
rElec    .         Harm     .   q - +0 cloak
rCorr    .                      p - +2 pair of gloves
MR       .....                  (no barding)
Stlth    ..........             h - amulet of reflection
HPRegen  0.20/turn              (no ring)
MPRegen  0.11/turn              (no ring)

@: confused, mighty, very quick
A: large, hooves 3, agile 1, deformed body, speed 2, tough skin 3, wild magic 1
a: Depart the Abyss, Bend Space, Banish, Renounce Religion


You were on level 5 of the Dungeon.
You worshipped Lugonu.
Lugonu was most pleased with you.
You were very hungry.

You visited 1 branch of the dungeon, and saw 5 of its levels.
You visited the Abyss 1 time.

You collected 458 gold pieces.

Inventory:

Hand Weapons
 a - a +1 hand axe
 r - a +2 vorpal hand axe (weapon)
Missiles
 b - 6 javelins (quivered)
Armour
 f - a +1 chain mail (worn)
 p - a +2 pair of gloves (worn)
 q - a +0 cloak (worn)
Jewellery
 h - an amulet of reflection (around neck)
Wands
 s - a wand of acid (14)
 t - a wand of random effects (28)
Scrolls
 g - 3 scrolls of teleportation
 j - 2 scrolls of fog
 o - 3 scrolls of identify
Potions
 d - a potion of mutation
 e - 2 potions of ambrosia
 i - a potion of haste
 k - a potion of flight
 l - a potion of cancellation {unknown}
 m - 3 potions of degeneration {unknown}
Comestibles
 c - 7 rations


   Skills:
 + Level 5.1 Fighting
 + Level 5.2 Axes
 + Level 1.3 Throwing
 + Level 4.0 Armour
 + Level 1.3 Dodging
 + Level 2.2 Invocations
 + Level 0.1 Evocations


You had 6 spell levels left.
You didn't know any spells.
Your spell library was empty.

Dungeon Overview and Level Annotations

Branches:
Dungeon (5/15)
 Temple: D:4-7

Altars:
Cheibriados
Gozag
Makhleb
Qazlal
Ru
Uskayaw
Zin

Annotations:
D:4 Grinder
D:5 Eustachio


Innate Abilities, Weirdness & Mutations

You have hooves in place of feet.
Armour fits poorly on your strangely shaped body.
You cover ground very quickly.
You have extremely tough skin. (AC +3)
You are agile. (Dex +2)
Your spells are a little harder to cast, but a little more powerful.


Message History

The ice beast hits you but does no damage.
The orc priest invokes the aid of Beogh against you.
Beogh smites you!
* * * LOW HITPOINT WARNING * * *
You hit the orc priest. Your kick misses the orc priest.
The orc priest is severely wounded.
You slash the ice beast!
You kill the ice beast!
Lugonu accepts your kill.
Your Armour skill increases to level 4!
You miss Eustachio. Eustachio hits you but does no damage.
The orc priest hits you but does no damage.
You are confused.
You feel invigorated.
Eustachio gestures wildly while chanting.
Eustachio casts a spell.
Eustachio blinks!
The orc priest invokes the aid of Beogh against you.
Beogh smites you!
You die...

....##........ ##....
.......#..##...# ##....
......#.....##..###..##.
....###......##..#...###
.... #.......#......##
....##.......#......###
..........!...........#
#....o.†.............#
##....@§..†............
##....................
#.......r...@.........
#...#...##.......##.#.
#...######..$........
#.... #........### .....
#........... ##...
##.......... ###........


You could see Eustachio (fast), an orc priest and a river rat (summoned).

Vanquished Creatures
  A water moccasin (D:5)
  2 ice beasts (D:5)
  An ogre (D:4)
  A centaur (D:5)
  A scorpion (D:4)
  2 hounds (D:4)
  A bullfrog skeleton (D:5)
  An iguana (D:4)
  A worker ant (D:5)
  6 adders
  6 gnolls
  An ooze (D:2)
  6 dart slugs
  4 worms
  9 leopard geckos
  5 orcs
  5 ball pythons
  4 giant cockroaches
  8 goblins
  9 hobgoblins
  8 jackals
  7 kobolds
  A ball python skeleton (D:4)
  6 bats
  14 frilled lizards
  A leopard gecko skeleton (D:5)
  A quokka skeleton (D:5)
  7 rats
119 creatures vanquished.

Notes
Turn   | Place    | Note
-------+----------+-------------------------------------------
     0 | Abyss:1  | Gargoyl the Centaur Abyssal Knight began the quest for the
                  | Orb.
     0 | Abyss:1  | Reached XP level 1. HP: 19/19 MP: 2/2
    67 | Abyss:3  | Noticed a kraken
    70 | Abyss:3  | Noticed a large abomination
    99 | D:1      | Escaped the Abyss
   173 | D:1      | Reached XP level 2. HP: 19/26 MP: 3/3
   364 | D:2      | Reached * piety under Lugonu
   742 | D:1      | Reached XP level 3. HP: 33/33 MP: 4/4
  1038 | D:2      | Gained mutation: You are agile. (Dex +2) [potion of
                  | mutation]
  1038 | D:2      | Gained mutation: Your spells are a little harder to cast,
                  | but a little more powerful. [potion of mutation]
  1356 | D:2      | Reached XP level 4. HP: 16/40 MP: 5/5
  1365 | D:2      | Reached ** piety under Lugonu
  2020 | D:2      | Found an opulent altar of Gozag.
  2585 | D:3      | Reached XP level 5. HP: 42/46 MP: 6/6
  3138 | D:3      | Reached skill level 1 in Dodging
  3279 | D:3      | Found a stormy altar of Qazlal.
  3352 | D:4      | Noticed Grinder
  3413 | D:4      | Noticed an ogre
  3417 | D:4      | Killed an ogre
  3621 | D:4      | Reached XP level 6. HP: 30/53 MP: 7/7
  4011 | D:4      | Found a glowing silver altar of Zin.
  4011 | D:4      | Found a burning altar of Makhleb.
  4012 | D:4      | Noticed an Executioner
  4012 | D:4      | Noticed an angel
  4017 | D:4      | Noticed a +0 hand axe
  4019 | D:4      | Found a hide-covered altar of Uskayaw.
  4020 | D:4      | Noticed a -1 hand axe
  4057 | D:4      | Found a sacrificial altar of Ru.
  4449 | D:4      | Reached *** piety under Lugonu
  4884 | D:5      | Entered Level 5 of the Dungeon
  4998 | D:5      | Reached skill level 1 in Throwing
  5000 | D:5      | Reached XP level 7. HP: 41/60 MP: 8/8
  5468 | D:5      | Found a snail-covered altar of Cheibriados.
  5520 | D:5      | Reached skill level 5 in Fighting
  5627 | D:5      | Noticed Eustachio
  5629 | D:5      | Reached skill level 5 in Axes
  5644 | D:5      | Killed from afar by an orc priest

Illustrated notes

Levels and vault maps discovered:
D:1:      minmay_arrival_checkered_box, layout_basic
D:2:      layout_basic, lemuel_doored_altar, first_ration,
          kennysheep_generic_room_13
D:3:      layout_loops_ring, nicolae_qazlal_eye_of_the_storm
D:4:      layout_loops_corners, grunt_temple_overflow_order_and_chaos_2,
          kennysheep_little_box, dancing_weapons_uskayaw,
          minmay_misc_feat_alley, minmay_lizard_king, uniq_grinder
D:5:      layout_cave_pools, kennysheep_slug_shrine,
          minmay_temple_entry_proselytizer, serial_bayou_lagoon_a,
          uniq_eustachio

Skill      XL: |  1  2  3  4  5  6  7 |
---------------+----------------------+-----
Axes           | 2 3 4 5 |  5.2
Fighting       | 4 5 |  5.1
Armour         | 2 3 4 |  4.0
Dodging        | 1 |  1.3
Throwing       | 1 |  1.3
Invocations    | |  2.2
Evocations     | |  0.1

Action                   |  1- 3 |  4- 6 |  7- 9 || total
-------------------------+-------+-------+-------++-------
Melee: Hand axe          |   107 |   191 |    48 ||   346
       Kick              |    15 |    40 |    11 ||    66
Throw: Javelin           |       |     8 |     2 ||    10
Invok: Depart the Abyss  |     1 |       |       ||     1
Evoke: Wand              |     6 |       |       ||     6
  Use: Scroll            |     4 |     6 |     1 ||    11
       Potion            |     1 |       |     2 ||     3
  Eat: Chunk             |     1 |     9 |     1 ||    11
Armor: Chain mail        |   105 |   121 |    48 ||   274
Dodge: Dodged            |    43 |    50 |    11 ||   104
Block: Other             |       |    30 |    12 ||    42
       Reflection        |       |     2 |       ||     2

Table legend:
 A = Non-vault XP
 B = Vault XP
 C = Vault XP percentage of total XP
 D = Non-vault monster count
 E = Vault monster count
 F = Vault count percentage of total count
                 A         B        C        D         E       F
            +---------+---------+-------+---------+---------+-------
      Total |    1207 |      81 |   6.3 |     104 |      15 |  12.6
            +---------+---------+-------+---------+---------+-------
        D:1 |      53 |       0 |   0.0 |      28 |       0 |   0.0
        D:2 |     126 |      14 |  10.0 |      31 |       1 |   3.1
        D:3 |      51 |       0 |   0.0 |      15 |       0 |   0.0
        D:4 |     303 |      63 |  17.2 |      14 |      13 |  48.1
        D:5 |     674 |       4 |   0.6 |      16 |       1 |   5.9
            +---------+---------+-------+---------+---------+-------
